 Dungeon Crawl Stone Soup version 0.17-a0-1769-g54adf96 (webtiles) character file.

88 thrall606 the Conjurer (level 4, -3/33 HPs)
             Began as a Draconian Conjurer on Sept 7, 2015.
             Was an Initiate of Yredelemnul.
             Slain by shakdrar's ghost (5 damage)
             ... on level 3 of the Dungeon.
             The game lasted 00:06:53 (1973 turns).

thrall606 the Conjurer (Draconian Conjurer)         Turns: 1973, Time: 00:06:53

Health: -3/33      AC:  5    Str: 11    XL:     4   Next: 30%
Magic:  3/7        EV: 12    Int: 16    God:    Yredelemnul [......]
Gold:   66         SH:  0    Dex: 11    Spells: 3 memorised, 0 levels left

rFire  . . .     SeeInvis .     i - +0 dagger (venom)
rCold  . . .     Clarity  .     (armour unavailable)
rNeg   . . .     SustAt   .     (no shield)
rPois  .         Gourm    .     (helmet restricted)
rElec  .         Spirit   .     (no cloak)
rCorr  .         Warding  .     (no gloves)
rMut   .         Stasis   .     (no boots)
MR     .....                    (no amulet)
Stlth  ++........               (no ring)
                                (no ring)

@: not resistant to hostile enchantments, unstealthy
A: unfitting armour, cold-blooded, AC +5
a: Renounce Religion


You were on level 3 of the Dungeon.
You worshipped Yredelemnul.
Yredelemnul was noncommittal.
You were not hungry.

You visited 1 branch of the dungeon, and saw 3 of its levels.

You collected 66 gold pieces.

Inventory:

Hand weapons
 e - a +0 dagger
 f - a +0 short sword
 h - a +0 hand axe
 i - a +0 dagger of venom (weapon)
 m - a +0 falchion
Magical devices
 n - a wand of magic darts (34)
Scrolls
 c - a scroll of identify
 g - a scroll of remove curse
Potions
 l - a potion of curing
Books
 a - a book of Conjurations

   Spells                             Type                      Level
   a - Magic Dart                     Conjuration                  1
   b - Searing Ray                    Conjuration                  2
   c - Dazzling Spray                 Conjuration/Hexes            3
   d - Fulminant Prism                Conjuration/Hexes            4
   e - Iskenderun's Mystic Blast      Conjuration                  4
   f - Iskenderun's Battlesphere      Conjuration/Charms           5
Comestibles
 b - a bread ration
 j - 5 fruits


   Skills:
 + Level 0.2 Fighting
 + Level 0.2 Short Blades
 + Level 2.8 Dodging
 + Level 1.8 Stealth
 + Level 2.1 Spellcasting
 + Level 5.1 Conjurations


You couldn't memorise any spells.
You knew the following spells:

 Your Spells              Type           Power        Failure   Level  Hunger
a - Magic Dart            Conj           ###.         2%          1    #......
b - Searing Ray           Conj           ###...       4%          2    ###....
c - Iskenderun's Mystic   Conj           ###.....     28%         4    #####..


Dungeon Overview and Level Annotations

Branches:
Dungeon (3/15)

Altars:
Ashenzari
Vehumet
Yredelemnul
The Shining One

Annotations:
D:3 shakdrar's ghost, average DsMo


Innate Abilities, Weirdness & Mutations

Your plain brown scales are hard (AC +5).
Your body does not fit into most forms of armour.
You are cold-blooded and may be slowed by cold attacks.


Message History

You barely miss the orc. The orc hits you but does no damage.
Shakdrar's ghost hits you but does no damage.
You hit the orc.
The orc is poisoned.
Your tail-slap misses the orc.
The orc is heavily wounded.
The orc hits you but does no damage. Shakdrar's ghost hits you.
A kobold comes into view.
You hit the orc but do no damage.
The orc looks even sicker.
The orc is severely wounded.
You kill the orc!
Yredelemnul accepts your kill. Shakdrar's ghost hits you!
* * * LOW HITPOINT WARNING * * *
Shakdrar's ghost barely misses you.
Things that are here:
a club; a chain mail
Found 21 sling bullets.
You see here 7 gold pieces.
Shakdrar's ghost hits you.
You die...
Your body rises from the dead as a mindless zombie.

### ##.##
... #...#
....
#...##.....
#.$@.......
##)W)#..(...
#.)..# .....
#K#.## ....
+<### ...
#.# ## #K#
#.# #..


You could see shakdrar's ghost and a kobold.

Vanquished Creatures
  3 adders (D:2)
  2 worms (D:2)
  2 giant geckos (D:2)
  5 orcs (D:3)
  3 giant cockroaches
  3 hobgoblins
  4 bats
  2 giant newts (D:2)
  9 goblins
  4 jackals (D:2)
  7 kobolds
  4 rats
48 creatures vanquished.

Vanquished Creatures (others)
  4 toadstools (D:1)
4 creatures vanquished.

Grand Total: 52 creatures vanquished

Notes
Turn   | Place    | Note
--------------------------------------------------------------
     0 | D:1      | thrall606 the Draconian Conjurer began the quest for the Orb.
     0 | D:1      | Reached XP level 1. HP: 14/14 MP: 3/3
   244 | D:1      | Reached XP level 2. HP: 20/20 MP: 0/5
   279 | D:1      | Learned a level 2 spell: Searing Ray
   779 | D:2      | Reached XP level 3. HP: 26/26 MP: 0/6
  1230 | D:2      | Found a radiant altar of Vehumet.
  1317 | D:2      | Found a glowing golden altar of the Shining One.
  1317 | D:2      | Found a basalt altar of Yredelemnul.
  1317 | D:2      | Found a shattered altar of Ashenzari.
  1422 | D:2      | Became a worshipper of Yredelemnul the Dark
  1446 | D:2      | Reached skill level 5 in Conjurations
  1677 | D:2      | Reached XP level 4. HP: 33/33 MP: 2/7
  1934 | D:2      | Learned a level 4 spell: Iskenderun's Mystic Blast
  1961 | D:3      | Noticed shakdrar's ghost (average DsMo)
  1973 | D:3      | Slain by shakdrar's ghost

Vault maps used:
D:1:      ldierk_walled_garden_2, supply_closet_lemuel
D:2:      vehumet_crystals, gammafunk_temple_overflow_forgotten, first_bread
D:3:      grunt_temple_overflow_open, kennysheep_generic_room_11,
          uniq_crazy_yiuf_cottage

Action                   |  1- 3 |  4- 6 || total
-------------------------+-------+-------++-------
Melee: Unarmed           |    14 |       ||    14
       Dagger            |    42 |    18 ||    60
       Short sword       |     1 |       ||     1
 Cast: Magic Dart        |    64 |    13 ||    77
  Use: Scroll            |     2 |     2 ||     4
       Potion            |     5 |       ||     5
  Eat: Bread ration      |     1 |       ||     1
       Chunk             |     1 |       ||     1
